 Dungeon Crawl Stone Soup version 0.25-a0-163-g00f8f0cddd (webtiles) character file.

Game seed: 16687046188605562962, levelgen mode: deterministic

1074 swaddle the Cudgeler (level 8, -2/49 HPs)
             Began as a Gargoyle Monk on Nov 21, 2019.
             Was a Believer of Makhleb.
             Hit by a boomerang thrown by an orc warrior (12 damage)
             ... on level 6 of the Dungeon on Nov 22, 2019.
             The game lasted 00:26:34 (4608 turns).

swaddle the Cudgeler (Gargoyle Monk)                Turns: 4608, Time: 00:26:35

Health: -2/49      AC: 22    Str: 14 (17) XL:     8   Next: 29%
Magic:  8/8        EV: 10    Int:  9      God:    Makhleb [**....]
Gold:   322        SH:  0    Dex: 17      Spells: 7/7 levels left

rFire    . . .     SeeInvis .   i - +8 club
rCold    . . .     Gourm    .   (no shield)
rNeg     + . .     Faith    .   F - +0 plate armour
rPois    ∞         Spirit   .   u - +1 helmet
rElec    +         Reflect  .   (no cloak)
rCorr    .         Harm     .   (no gloves)
MR       .....                  q - +0 pair of boots
Stlth    ..........             o - amulet of regeneration
HPRegen  0.56/turn              (no ring)
MPRegen  0.11/turn              (no ring)

@: agile, about to teleport, flying
A: big wings, molten scales 1, dopey 1, negative energy resistance 1,
electricity resistance, unbreathing, petrification resistance, rot immunity, AC
+5
a: Stop Flying, Minor Destruction, Renounce Religion


You were on level 6 of the Dungeon.
You worshipped Makhleb.
Makhleb was pleased with you.
You were completely stuffed.

You visited 2 branches of the dungeon, and saw 7 of its levels.

You collected 322 gold pieces.

Inventory:

Hand Weapons
 a - a +1 mace
 f - a +0 giant club
 i - a +8 club (weapon)
 n - a +0 hunting sling
 p - a +0 falchion
 s - a +0 short sword
 z - a +0 club
 E - a +0 falchion
Missiles
 d - 140 stones (quivered)
 e - 77 bolts
Armour
 b - a +0 robe
 g - a +2 ring mail of cold resistance
 q - a +0 pair of boots (worn)
 t - a +0 animal skin
 u - a +1 helmet (worn)
 y - a +0 leather armour
 A - a +0 leather armour
 F - a +0 plate armour (worn)
Jewellery
 m - an uncursed amulet of guardian spirit
 o - an amulet of regeneration (around neck)
Wands
 w - a wand of paralysis (3)
 B - a wand of acid (2)
Scrolls
 h - 2 scrolls of noise
 j - a scroll of identify
 k - a scroll of teleportation
 r - a scroll of amnesia
 x - a scroll of magic mapping
 C - a scroll of remove curse
Comestibles
 c - 5 rations
 D - 4 chunks of flesh


   Skills:
 + Level 5.0 Fighting
 + Level 6.8 Maces & Flails
 + Level 4.3 Armour
 + Level 4.3 Dodging
 + Level 3.0 Stealth


You had 7 spell levels left.
You didn't know any spells.
Your spell library was empty.

Dungeon Overview and Level Annotations

Branches:
Dungeon (6/15)             Temple (1/1) D:6

Altars:
Ashenzari
Cheibriados
Dithmenos
Fedhas
Gozag
Hepliaklqana
Kikubaaqudgha
Makhleb
Nemelex Xobeh
Okawaru
Ru
Sif Muna
Trog
Uskayaw
Wu Jian
Xom
Yredelemnul
Zin
The Shining One


Innate Abilities, Weirdness & Mutations

You are resistant to torment.
Your stone body is resilient. (AC +5)
You are immune to poison.
You resist negative energy. (rN+)
You are resistant to electric shocks. (rElec)
You can survive without breathing.
You are immune to petrification.
You are immune to rotting.
Your large and strong wings let you fly indefinitely.
You are partially covered in molten scales. (AC +2)
You are dopey. (Int -2)


Message History

You hear some strange, mumbled words.
A magic dart appears from out of thin air!
The magic dart hits you.
* * * LOW HITPOINT WARNING * * *
You eat one of the 6 rations.
That ration really hit the spot!
The orc warrior hits you but does no damage.
You hear some strange, mumbled words.
A magic dart appears from out of thin air!
The magic dart hits you.
* * * LOW HITPOINT WARNING * * *
The orc hits you but does no damage.
Okay, then.
As you read the scroll of teleportation, it crumbles to dust.
You feel strangely unstable. Something hits you but does no damage.
The orc warrior hits you but does no damage.
The orc warrior barely misses you. The orc hits you but does no damage.
The orc throws a stone.
The stone hits you but does no damage.
You see here a stone.
The orc warrior throws a boomerang.
The boomerang hits you!
You die...

##............
#.............
#................
#................
#................
#....[...........# #
#......#########.# ##
##.÷...#.......#.#####.
##...@#...#...#...##..
##..('..#.#..#.#.....
#.ooo.......#.##....
........>.
###.o..#.#..#.#.....
..o.......
##Z.#...#...#.......
..o......#
##..o#.......#..####.
....o.... ##(.#.#########..#
#.
...o.....##((##............#
##.
........##..############...#
#..


You could see an orc warrior, an orc priest, 3 orcs and a wyvern zombie.

Vanquished Creatures
  The ghost of Kagalorn the Archer, an amateur CeHu of Okawaru (D:6)
  Eustachio (D:4)
  2 ogres
  A bullfrog (D:6)
  A crimson imp (D:5)
  An orc wizard (D:5)
  2 bullfrog skeletons (D:5)
  A hound (D:5)
  Ijyb (D:4)
  An iguana (D:4)
  7 worker ants
  2 hound skeletons
  Robin (D:2)
  6 adders
  A shadow imp (D:5)
  2 oozes (D:3)
  An adder zombie (D:5)
  4 worms
  2 dart slugs (D:1)
  2 leopard geckos
  6 orcs
  6 bats
  5 giant cockroaches
  13 goblins
  9 hobgoblins
  8 jackals
  2 quokkas
  3 ball pythons
  6 frilled lizards
  A jackal zombie (D:6)
  8 kobolds
  A quokka skeleton (D:4)
  9 rats
  A spectral orc (D:5)
118 creatures vanquished.

Notes
Turn   | Place    | Note
-------+----------+-------------------------------------------
     0 | D:1      | swaddle the Gargoyle Monk began the quest for the Orb.
     0 | D:1      | Reached XP level 1. HP: 14/14 MP: 1/1
   369 | D:1      | Reached XP level 2. HP: 19/19 MP: 2/2
   648 | D:1      | Reached XP level 3. HP: 23/23 MP: 3/3
   955 | D:2      | Noticed Robin
  1085 | D:2      | Gained mutation: You are dopey. (Int -2) [potion of
                  | mutation]
  1085 | D:2      | Gained mutation: Your large and strong wings let you fly
                  | indefinitely. [potion of mutation]
  1085 | D:2      | Gained mutation: You are partially covered in molten
                  | scales. (AC +2) [potion of mutation]
  1130 | D:2      | Reached skill level 1 in Armour
  1152 | D:2      | Killed Robin
  1152 | D:2      | Reached skill level 4 in Maces & Flails
  1152 | D:2      | Reached XP level 4. HP: 15/28 MP: 4/4
  1653 | D:3      | Found a blossoming altar of Fedhas.
  1692 | D:3      | Noticed an ogre
  1704 | D:3      | Killed an ogre
  1704 | D:3      | Reached XP level 5. HP: 33/33 MP: 5/5
  1737 | D:3      | Found a glowing golden altar of the Shining One.
  2061 | D:3      | Found a hide-covered altar of Uskayaw.
  2061 | D:3      | Noticed a -2 hand axe
  2061 | D:3      | Noticed a +0 hand axe
  2391 | D:4      | Found Cenes's Antique Armour Shoppe.
  2457 | D:4      | Reached skill level 5 in Maces & Flails
  2537 | D:4      | Noticed Ijyb
  2553 | D:4      | Paralysed by Ijyb for 5 turns
  2561 | D:4      | Reached XP level 6. HP: 37/38 MP: 6/6
  2562 | D:4      | Paralysed by Ijyb for 2 turns
  2575 | D:4      | Killed Ijyb
  2701 | D:4      | Noticed Eustachio
  2780 | D:4      | Killed Eustachio
  2990 | D:4      | Reached XP level 7. HP: 43/43 MP: 7/7
  3078 | D:5      | Entered Level 5 of the Dungeon
  3360 | D:5      | Reached skill level 6 in Maces & Flails
  3438 | D:5      | Found a shimmering altar of Xom.
  3717 | D:5      | Found a burning altar of Makhleb.
  3717 | D:5      | Noticed a balrug
  3769 | D:5      | Found a basalt altar of Yredelemnul.
  3947 | D:5      | Noticed a ynoxinul
  3947 | D:5      | Noticed a neqoxec
  3949 | D:5      | Became a worshipper of Makhleb the Destroyer
  3949 | D:5      | Reached * piety under Makhleb
  3949 | D:5      | Reached ** piety under Makhleb
  4052 | D:6      | Found a staircase to the Ecumenical Temple.
  4069 | Temple   | Entered the Ecumenical Temple
  4441 | D:6      | Noticed Kagalorn's ghost (amateur CeHu)
  4448 | D:6      | Found a runed translucent gate.
  4448 | D:6      | Found a runed translucent gate.
  4448 | D:6      | Found a runed translucent gate.
  4497 | D:6      | Reached XP level 8. HP: 31/48 MP: 8/8
  4515 | D:6      | Killed Kagalorn's ghost
  4515 | D:6      | Reached skill level 5 in Fighting
  4608 | D:6      | Hit by a boomerang thrown by an orc warrior

Levels and vault maps discovered:
D:1:      sevenhm_arrival_forest_fort_large_1, layout_loops_ring,
          nrook_mini_backslash, corexii_item_surrounded_by_moat
D:2:      layout_rooms, uniq_robin
D:3:      layout_rooms, dancing_weapons_uskayaw, tso_oasis_becter,
          minmay_crystal_room, fedhas_altar_2
D:4:      layout_basic, serial_shops, nicolae_shop_waterfront, first_ration,
          minmay_diced_spiral, uniq_eustachio, uniq_ijyb
D:5:      layout_loops_ring, brannock_xom_greatest_gift,
          yredelemnul_forgotten_temple_becter, makhleb_altar_promises_db
D:6:      layout_cave_pods, minmay_temple_entry_statues, basic_altar,
          gammafunk_ghost_split, hex_medium
Temple:   regret_index_temple_waves

Skill      XL: |  1  2  3  4  5  6  7  8 |
---------------+-------------------------+-----
Armour         | 1 2 3 4 |  4.3
Maces & Flails | 4 5 6 |  6.8
Dodging        | 3 4 |  4.3
Fighting       | 4 5 |  5.0
Stealth        | 3 |  3.0

Action                   |  1- 3 |  4- 6 |  7- 9 || total
-------------------------+-------+-------+-------++-------
Melee: Mace              |   131 |    24 |       ||   155
       Club              |       |   186 |   199 ||   385
Throw: Stone             |     4 |       |       ||     4
Invok: Minor Destruction |       |       |     2 ||     2
 Abil: Fly               |       |     1 |       ||     1
  Use: Scroll            |     2 |     8 |     3 ||    13
       Potion            |     2 |     1 |     7 ||    10
 Stab: Sleeping          |       |     1 |     1 ||     2
  Eat: Chunk             |       |     3 |     3 ||     6
       Ration            |       |     1 |     4 ||     5
Armor: Ring mail         |   115 |   146 |   142 ||   403
       Animal skin       |       |     2 |       ||     2
       Skin              |       |     1 |       ||     1
       Plate armour      |       |       |    30 ||    30
Dodge: Dodged            |   110 |   191 |   157 ||   458

Table legend:
 A = Non-vault XP
 B = Vault XP
 C = Vault XP percentage of total XP
 D = Non-vault monster count
 E = Vault monster count
 F = Vault count percentage of total count
                 A         B        C        D         E       F
            +---------+---------+-------+---------+---------+-------
      Total |     965 |     570 |  37.1 |      92 |      26 |  22.0
            +---------+---------+-------+---------+---------+-------
        D:1 |      36 |       3 |   7.7 |      21 |       3 |  12.5
        D:2 |      42 |      35 |  45.5 |      21 |      12 |  36.4
        D:3 |     167 |       0 |   0.0 |       9 |       0 |   0.0
        D:4 |     145 |     223 |  60.6 |      12 |       5 |  29.4
        D:5 |     493 |       1 |   0.2 |      24 |       1 |   4.0
        D:6 |      82 |     308 |  79.0 |       5 |       5 |  50.0
            +---------+---------+-------+---------+---------+-------
